 Dungeon Crawl Stone Soup version 0.28.0-43-g3370ac3207 (webtiles) character file.

Game seed: 10108063680581298571

9729 RascalDebosk the Cleaver (level 11, -2/100 HPs)
             Began as a Minotaur Berserker on Mar 30, 2022.
             Was an Elder of Trog.
             Slain by a gnoll sergeant
             ... wielding a +4 vorpal trident
              (4 damage)
             ... on level 10 of the Dungeon.
             The game lasted 01:22:40 (10683 turns).

RascalDebosk the Cleaver (Minotaur Berserker)      Turns: 10683, Time: 01:22:41

Health: -2/100     AC: 21    Str: 24    XL:     11   Next: 26%
Magic:  10/10      EV:  8    Int:  6    God:    Trog [****..]
Gold:   584        SH:  0    Dex: 10    Spells: 10/10 levels left

rFire   . . .      SeeInvis .   B - +0 battleaxe
rCold   . . .      Faith    .   (shield currently unavailable)
rNeg    . . .      Spirit   .   v - +0 plate armour
rPois   +          Reflect  .   (helmet restricted)
rElec   .          Harm     .   (no cloak)
rCorr   .          Rampage  .   (no gloves)
Will    .....                   p - +2 pair of boots
Stlth   ..........              (no amulet)
HPRegen 0.26/turn               l - +4 ring of protection
MPRegen 0.12/turn               A - ring of poison resistance

@: on berserk cooldown, slowed, very slow
A: horns 2, retaliatory headbutt
a: Renounce Religion, Berserk, Trog's Hand, Brothers in Arms


You were on level 10 of the Dungeon.
You worshipped Trog.
Trog was greatly pleased with you.
You visited 2 branches of the dungeon, and saw 11 of its levels.

You collected 584 gold pieces.

Inventory:

Hand Weapons
 t - a +2 war axe of freezing
 B - a +0 battleaxe (weapon)
 C - a +3 mace of freezing
Missiles
 c - 109 stones
 h - 24 poisoned darts
 m - 15 boomerangs (quivered)
 w - a throwing net
 y - a curare-tipped dart
Armour
 p - a +2 pair of boots (worn)
 s - the +2 pair of boots "Hionobial" {rPois Will+ Str-4 Dex+4}
   (You found it on level 10 of the Dungeon)

   Str:       It affects your strength (-4).
   Dex:       It affects your dexterity (+4).
   rPois:     It protects you from poison.
   Will:      It increases your willpower.
 v - a +0 plate armour (worn)
 E - an orb of light
Jewellery
 l - a +4 ring of protection (left hand)
 q - an amulet of faith
 z - a ring of protection from fire
 A - a ring of poison resistance (right hand)
 D - a +4 ring of evasion
Wands
 a - a wand of mindburst (15)
 i - a wand of polymorph (6)
 x - a wand of iceblast (9)
 F - a wand of paralysis (4)
Scrolls
 g - 3 scrolls of immolation
 j - 5 scrolls of teleportation
 n - a scroll of enchant weapon
 r - a scroll of torment {unknown}
Potions
 b - 3 potions of berserk rage
 d - 2 potions of haste
 e - 8 potions of curing
 k - 2 potions of cancellation
 o - a potion of lignification
 u - a potion of flight {unknown}


   Skills:
 + Level 10.2 Fighting
 + Level 10.2 Axes
 + Level 7.9 Throwing
 + Level 9.9 Armour
 - Level 2.1 Dodging
 + Level 7.2 Evocations


You had 10 spell levels left.
You didn't know any spells.
Your spell library was empty.

Dungeon Overview and Level Annotations

Branches:
Dungeon (10/15)            Temple (1/1) D:7            Lair (0/6) D:9
    Orc (0/2) D:10

Altars:
Ashenzari
Cheibriados
Dithmenos
Elyvilon
Fedhas
Gozag
Hepliaklqana
Kikubaaqudgha
Makhleb
Nemelex Xobeh
Okawaru
Qazlal
Ru
Sif Muna
Trog
Uskayaw
Vehumet
Wu Jian
Xom
Yredelemnul
Zin
The Shining One

Portals:
Trove: D:10 (give 4 potions of resistance)


Innate Abilities, Weirdness & Mutations

You have a pair of horns on your head.
You reflexively headbutt those who attack you in melee.


Message History

The troll is lightly wounded.
The troll bites you.
The troll claws you but does no damage. x2
You slice the troll!!
The troll is almost dead.
The troll barely misses you. The troll completely misses you.
The troll claws you. The troll bites you!
The troll claws you but does no damage. x2
You slice the troll!!
You kill the troll!
Trog accepts your kill.
The kobold brigand unwields a +0 dagger.
The kobold brigand wields a +0 hand crossbow.
The kobold brigand shoots a bolt.
The bolt barely misses you. The ogre hits you but does no damage.
You feel much better.
The ogre hits you with a +0 giant spiked club.
Unknown command.
You hit the ogre but do no damage. You headbutt the ogre!
The ogre is heavily wounded.
The ogre hits you with a +0 giant spiked club.
The gnoll sergeant hits you but does no damage.
You hit the ogre but do no damage.
The ogre is heavily wounded.
The ogre hits you with a +0 giant spiked club!
The gnoll sergeant hits you but does no damage.
The gnoll sergeant hits you from afar with a +4 vorpal trident.
The ogre hits you with a +0 giant spiked club!
* * * LOW HITPOINT WARNING * * *
You closely miss the ogre. You headbutt the ogre!
The ogre is almost dead.
The gnoll sergeant completely misses you.
The ogre hits you with a +0 giant spiked club!!
* * * LOW HITPOINT WARNING * * *
The gnoll sergeant hits you but does no damage.
You completely miss the ogre. Your headbutt misses the ogre.
The ogre is almost dead.
The ogre barely misses you.
The gnoll sergeant hits you but does no damage.
The gnoll sergeant hits you from afar with a +4 vorpal trident.
You die...

#..# ##.. ##. ## #
######### ###########
#.......# #....KO@..#
#.#####.# #.###g###.#
###.#####.#
#8))g8#.####.........#
#..K.g#...##.#.##..###
#(.>..###..........# #
#.....###..#.#.....###
#8...8#......##.#)...#
#########..#.##.#.##.#
#.#####..#.##.#.##.#


You could see a kobold brigand, an ogre and a gnoll sergeant.

Vanquished Creatures
  Harold (D:7)
  2 two-headed ogres
  2 komodo dragons
  2 trolls
  Grinder (D:3)
  A wraith (D:10)
  A wyvern (D:8)
  2 shadows
  Eustachio (D:6)
  4 yaks
  4 vampire mosquitoes (D:9)
  A water moccasin (D:7)
  Duvessa (D:5)
  3 acid dragons
  8 orc warriors
  An ice beast (D:6)
  2 hornet zombies
  4 ogres
  6 centaurs
  A phantom (D:5)
  5 kobold brigands
  A gnoll sergeant (D:6)
  2 scorpions
  3 wyvern zombies
  A water moccasin zombie (D:6)
  Dowan (D:5)
  10 wights
  3 howler monkeys
  A centaur zombie (D:9)
  9 orc priests
  2 centaur skeletons
  5 hounds
  A jelly (D:5)
  A bullfrog skeleton (D:4)
  2 iguanas
  A scorpion zombie (D:5)
  Ijyb (D:3)
  9 orc wizards
  A killer bee zombie (D:6)
  A hound zombie (D:5)
  A howler monkey zombie (D:6)
  Robin (D:3)
  2 gnolls (D:10)
  11 adders
  A shadow imp (D:6)
  A white imp (D:6)
  2 ufetubi
  3 worms
  2 dart slugs (D:3)
  31 orcs
  A bat (D:2)
  5 endoplasms
  7 giant cockroaches
  14 goblins
  8 hobgoblins
  6 jackals
  2 quokkas (D:1)
  9 ball pythons
  A frilled lizard (D:1)
  16 kobolds
  10 rats
242 creatures vanquished.

Vanquished Creatures (others)
  A wyvern skeleton (D:7)
  3 plants (D:5)
4 creatures vanquished.

Grand Total: 246 creatures vanquished

Notes
Turn   | Place    | Note
-------+----------+-------------------------------------------
     0 | D:1      | RascalDebosk the Minotaur Berserker began the quest for the
                  | Orb.
     0 | D:1      | Reached XP level 1. HP: 19/19 MP: 0/0
   201 | D:1      | Reached XP level 2. HP: 27/27 MP: 1/1
   729 | D:1      | Reached skill level 1 in Throwing
   925 | D:2      | Reached XP level 3. HP: 28/33 MP: 2/2
   933 | D:2      | Reached skill level 1 in Evocations
   933 | D:2      | Reached ** piety under Trog
  1400 | D:2      | Found a faded altar of an unknown god.
  1849 | D:3      | Reached XP level 4. HP: 38/40 MP: 3/3
  2026 | D:3      | Noticed Robin
  2037 | D:3      | Killed Robin
  2045 | D:3      | Reached XP level 5. HP: 47/47 MP: 4/4
  2263 | D:3      | Noticed Ijyb
  2272 | D:3      | Killed Ijyb
  2469 | D:3      | Noticed Grinder
  2473 | D:3      | Killed Grinder
  2474 | D:3      | Reached skill level 5 in Fighting
  2474 | D:3      | Reached skill level 5 in Axes
  2474 | D:3      | Reached XP level 6. HP: 56/56 MP: 5/5
  2952 | D:4      | Identified the +4 ring mail of Sunlight {Will+}
  3003 | D:4      | Reached *** piety under Trog
  3216 | D:4      | Reached XP level 7. HP: 59/61 MP: 6/6
  3823 | D:5      | Entered Level 5 of the Dungeon
  3891 | D:5      | Reached skill level 5 in Armour
  4156 | D:5      | Noticed Duvessa
  4157 | D:5      | Noticed Dowan
  4166 | D:5      | Killed Duvessa
  4167 | D:5      | Killed Dowan
  4168 | D:5      | Reached XP level 8. HP: 70/70 MP: 7/7
  5014 | D:6      | Noticed Eustachio
  5029 | D:6      | Killed Eustachio
  5464 | D:6      | Reached skill level 5 in Throwing
  5506 | D:6      | Reached XP level 9. HP: 79/79 MP: 8/8
  5817 | D:7      | Noticed Harold
  5828 | D:7      | Killed Harold
  5829 | D:7      | Reached skill level 5 in Evocations
  6818 | D:7      | Found a staircase to the Ecumenical Temple.
  6827 | Temple   | Entered the Ecumenical Temple
  7691 | D:8      | Reached XP level 10. HP: 87/90 MP: 9/9
  7705 | D:8      | Reached **** piety under Trog
  8497 | D:9      | Found a shadowy altar of Dithmenos.
  8874 | D:9      | Noticed an eight-headed hydra
  8874 | D:9      | Noticed a green ugly thing
  8903 | D:9      | Noticed a five-headed hydra
  8904 | D:9      | Noticed a manticore
  8905 | D:9      | Noticed a centaur warrior
  9318 | D:9      | Noticed a two-headed ogre
  9336 | D:9      | Killed a two-headed ogre
  9562 | D:9      | Found a staircase to the Lair.
  9761 | D:10     | Entered Level 10 of the Dungeon
  9959 | D:10     | Identified the +2 pair of boots "Hionobial" {rPois Will+
                  | Str-4 Dex+4}
 10111 | D:10     | Noticed a two-headed ogre
 10116 | D:10     | Killed a two-headed ogre
 10117 | D:10     | Reached skill level 10 in Axes
 10117 | D:10     | Reached XP level 11. HP: 99/99 MP: 10/10
 10453 | D:10     | Reached skill level 10 in Fighting
 10601 | D:10     | Found a portal to a secret trove of treasure.
 10652 | D:10     | Found a staircase to the Orcish Mines.
 10682 | D:10     | HP: 1/100 [ogre/+0 giant spiked club (20)]
 10683 | D:10     | Slain by a gnoll sergeant

Illustrated notes

Levels and vault maps discovered:
D:1:      lightli_arrival_noodles, layout_basic
D:2:      layout_rooms, shapermc_ecumenical_altar_mp_urbaneastern,
          minmay_rat_gold_closets
D:3:      layout_basic, uniq_ijyb, uniq_grinder, uniq_robin
D:4:      layout_loops_cross
D:5:      layout_basic, guppyfry_early_lair_pool, uniq_duvessa
D:6:      minmay_diamond_boxcup, layout_cave_pools, uniq_eustachio
D:7:      layout_basic, lemuel_temple_firewalk_b, palyth_stone_intersect,
          uniq_harold
D:8:      layout_loops_ring
D:9:      layout_loops_ring, grunt_dithmenos_smoke, lair_entry_dummy,
          onia_ninara_dug_in_and_dangerous
D:10:     layout_loops_cross, kennysheep_orc_monster_closet_entryway,
          nicolae_trove_entry_crystal
Temple:   compressed_dpeg_triangle_lava_temple

Skill      XL: |  1  2  3  4  5  6  7  8  9 10 11 |
---------------+----------------------------------+-----
Throwing       | 1 2 3 5 6 7 |  7.9
Axes           | 4 5 6 7 8 10 | 10.2
Evocations     | 1 2 3 4 5 7 |  7.2
Fighting       | 4 5 6 7 8 9 10 | 10.2
Armour         | 3 4 5 6 8 9 |  9.9
Dodging        | |  2.1

Action                   |  1- 3 |  4- 6 |  7- 9 | 10-12 || total
-------------------------+-------+-------+-------+-------++-------
Melee: Hand axe          |    90 |    42 |       |       ||   132
       Headbutt          |    11 |    16 |    41 |    36 ||   104
       War axe           |       |    65 |   164 |    17 ||   246
       Punch             |       |     1 |     6 |       ||     7
       Battleaxe         |       |       |    73 |   148 ||   221
Throw: Boomerang         |       |       |       |     6 ||     6
Invok: Berserk           |       |     2 |     6 |     7 ||    15
       Trog's Hand       |       |       |     3 |     1 ||     4
  Use: Scroll            |       |       |    15 |     5 ||    20
       Potion            |       |       |       |     2 ||     2
 Stab: Sleeping          |     2 |       |       |       ||     2
Armor: Animal skin       |     6 |       |       |       ||     6
       Scale mail        |     4 |    31 |    49 |       ||    84
       Ring mail         |       |    23 |    71 |       ||    94
       Plate armour      |       |       |    10 |   144 ||   154
Dodge: Dodged            |    55 |    62 |   137 |    71 ||   325
